AoeStats
← chris.ortega235

Black Forest

506753226Analyzed
2v2 RM · 17d ago on Sep 15, 2026· 31m 10s· 4 players
Game mode
Random Map
Map size
Medium (4 player)
Population
200
Speed
Normal
Resources
Standard
Victory
Conquest
Starting age
Dark Age
Ending age
Imperial Age
RankedLock teamsTeams togetherTeam positionsShared explorationLock speedFull tech treeHidden civsTurbo modeCheats
Victory
Defeat
🇵🇭 Celts · Philippines
943
+15
🇫🇷 Khmer · France
910
+17
🇺🇸 Turks · United States
1037
-21
🇺🇸 Goths · United States
811
-24
Hannibakk
1:07 Loom
11:50 Feudal Age
18:29 Castle Age
16:53 Stone Mining
18:27 Double-Bit Axe
26:36 Wheelbarrow
30:26 Hand Cart
d ka tatagos sakin ya
11:19 Feudal Age
12:16 Horse Collar
18:56 Castle Age
17:52 Double-Bit Axe
19:17 Man-at-Arms
25:15 Scale Mail Armor
29:45 Scale Barding Armor
29:56 Chain Mail Armor
chris.ortega235
13:54 Feudal Age
15:22 Double-Bit Axe
18:48 Wheelbarrow
17:59 Horse Collar
24:25 Gold Mining
28:28 Castle Age
LordYeetus
1:57 Loom
13:19 Feudal Age
18:58 Castle Age
17:43 Horse Collar
24:33 Double-Bit Axe
28:36 Wheelbarrow
28:20 Man-at-Arms
29:53 Husbandry
Connection lost

Rejoining the realm…

Still unreachable

The connection could not be restored.

Session expired

The server has moved on; the page needs a fresh start.